 Dungeon Crawl Stone Soup version 0.31-a0-1074-g0b22e4e0f1 (webtiles) character file.

Game seed: 6122065140269964335

7 BigPumpCobain the Poker (level 2, 23/23 HPs)
             Began as a Merfolk Gladiator on Dec 7, 2023.
             Quit the game on level 1 of the Dungeon.
             The game lasted 00:00:37 (354 turns).

BigPumpCobain the Poker (Merfolk Gladiator)          Turns: 354, Time: 00:00:38

Health: 23/23      AC:  4    Str: 14    XL:     2   Next: 4%
Magic:  2/2        EV: 13    Int:  7    God:
Gold:   28         SH:  0    Dex: 15    Spells: 1/1 levels left

rFire   . . .        a - +0 trident
rCold   . . .        (no shield)
rNeg    . . .        b - +0 leather armour
rPois   .            c - +0 helmet
rElec   .            (no cloak)
rCorr   .            (no gloves)
SInv    .            (no boots)
Will    .....        (no amulet)
Stlth   +            (no ring)
HPRegen 0.23/turn    (no ring)
MPRegen 0.08/turn

%: no passive effects
@: no status effects
A: (nimble swimmer 2), mertail
a: no special abilities


You were on level 1 of the Dungeon.
You visited 1 branch of the dungeon, and saw 1 of its levels.

You collected 28 gold pieces.

Inventory:

Hand Weapons
 a - a +0 trident (weapon)
Missiles
 d - 3 throwing nets (quivered)
 e - a javelin
Armour
 b - a +0 leather armour (worn)
 c - a +0 helmet (worn)
Jewellery
 j - an amulet of magic regeneration
Scrolls
 f - a scroll of teleportation {unknown}
 g - a scroll of identify {unknown}
 i - a scroll of noise {unknown}
Potions
 h - a potion of invisibility {unknown}


   Skills:
 + Level 2.4 Fighting
 * Level 4.4 Polearms
 - Level 2.0 Throwing
 + Level 4.2 Dodging


You had one spell level left.
You didn't know any spells.
Your spell library was empty.

Dungeon Overview and Level Annotations

Branches:
Dungeon (1/15)

Altars:


Innate Abilities, Weirdness & Mutations

((You are very nimble when in or above water. (Stealth+, EV+, Speed+++)))
Your lower body shifts to a powerful aquatic tail in water.


Message History

No target in view!
Things that are here:
a +0 dagger; a goblin corpse A quokka comes into view.
A quokka is nearby!
You closely miss the quokka. The quokka bites you.
You hit the quokka.
You kill the quokka!
You have reached level 2!
You see here a quokka corpse.
Found a leather armour.
Found 8 stones.
A ball python comes into view.
A ball python is nearby!
The ball python hisses angrily.
You see here a +0 leather armour.
You hit the ball python.
The ball python is severely wounded.
The ball python bites you. The ball python misses you.
You closely miss the ball python.
The ball python is severely wounded.
The ball python closely misses you. x2
You barely miss the ball python.
The ball python is severely wounded.
The ball python barely misses you. The ball python grabs you.
The ball python constricts you. The ball python barely misses you.
The ball python constricts you.
You closely miss the ball python.
The ball python is severely wounded.
The ball python bites you. The ball python constricts you.
You puncture the ball python!
You kill the ball python!
No target in view!
No target in view!
No target in view!
No target in view!
Found a stone staircase leading down.
Unknown command.
Unknown command.
Are you sure you want to abandon this character and quit the game? (Confirm with "yes".)

#.## ####### #....
#.....## ###+##....
#......# #.........
#......###........ #
........##......###.####
.......................>
....#...#.....#.@...#
.†..#####..[..#.#####.#
#............†#........
#......................
#..............#..##.##
+..................# ..
#............(###.##
..............+ .#
..............# .#


There were no monsters in sight!

Vanquished Creatures
  2 ball pythons (D:1)
  A goblin (D:1)
  A hobgoblin (D:1)
  A kobold (D:1)
  A quokka (D:1)
6 creatures vanquished.

Notes
Turn   | Place    | Note
-------+----------+-------------------------------------------
     0 | D:1      | BigPumpCobain the Merfolk Gladiator began the quest for the
                  | Orb.
     0 | D:1      | Reached XP level 1. HP: 16/16 MP: 1/1
   311 | D:1      | Reached XP level 2. HP: 21/23 MP: 2/2
   354 | D:1      | Quit the game

Illustrated notes

Levels and vault maps discovered:
D:1:      minmay_arrival_checkered_box, layout_basic

Action                     || total
---------------------------++-------
  Melee: Trident           ||    22
 Armour: Leather armour    ||     9
  Dodge: Dodged            ||    12

Table legend: (Time is in decaauts)
 A = Elapsed time spent in this place.
 B = Non-inter-level travel time spent in this place.
 C = Inter-level travel time spent in this place.
 D = Time resting spent in this place.
 E = Time spent auto-exploring this place.
 F = Levels seen in this place.
 G = Mean time per level.
                   A        B        C        D        E       F      G
               +--------+--------+--------+--------+--------+-----+--------+
         Total |    356 |    356 |      0 |      0 |    300 |   1 |  356.0 |
       Dungeon |    356 |    356 |      0 |      0 |    300 |   1 |  356.0 |
               +--------+--------+--------+--------+--------+-----+--------+

Top non-repeatable levels by time:
     D:1: 356 daAuts
